 Dungeon Crawl Stone Soup version 0.29.1-15-g9cfb28693d (webtiles) character file.

Game seed: 12221331442168443343

1637 DemonSlayer the Magician (level 8, -7/50 (55) HPs)
             Began as a Demonspawn Earth Elementalist on Feb 25, 2023.
             Was a Believer of Cheibriados.
             Mangled by a wight
             ... wielding a +4 spear
              (11 damage)
             ... on level 6 of the Dungeon.
             The game lasted 00:11:28 (8595 turns).

DemonSlayer the Magician (DsEE)                     Turns: 8595, Time: 00:11:29

HP:   -7/50 (55)    AC:  4    Str: 22    XL:     8   Next: 66%
MP:   17/18         EV: 28    Int: 24    God:    Cheibriados [**....]
Gold: 226           SH:  0    Dex: 21    Spells: 1/20 levels left

rFire   . . .      SeeInvis .   q - +7 quarterstaff of the Fifty Wishes {flame, rElec}
rCold   . . .      Faith    .   (shield currently unavailable)
rNeg    . . .      Spirit   .   a - +0 robe
rPois   .          Reflect  .   (no helmet)
rElec   +          Harm     .   o - +0 cloak
rCorr   .          Rampage  .   (no gloves)
Will    .....                   h - +0 pair of boots
Stlth   ++++......              e - amulet of the acrobat
HPRegen 0.16/turn               D - +6 ring of strength
MPRegen 0.16/turn               (no ring)

@: acrobatic, drained, very slow
A: hooves 1, thin skeletal structure 1, demonic guardian 2
a: Renounce Religion, Bend Time


You were on level 6 of the Dungeon.
You worshipped Cheibriados.
Cheibriados was pleased with you.
You visited 2 branches of the dungeon, and saw 7 of its levels.
You also visited: Ossuary.

You collected 406 gold pieces.
You spent 180 gold pieces at shops.

Inventory:

Hand Weapons
 f - a +6 vorpal war axe
 q - the +7 quarterstaff of the Fifty Wishes (weapon) {flame, rElec}
   (You bought it in a shop on level 1 of the Dungeon)

   It burns those it strikes, dealing additional fire damage.
   rElec:     It insulates you from electricity.
Armour
 a - a +0 robe (worn)
 h - a +0 pair of boots (worn)
 o - a +0 cloak (worn)
Jewellery
 e - an amulet of the acrobat (around neck)
 D - a +6 ring of strength (left hand)
Wands
 p - a wand of iceblast (14)
 v - a wand of flame (14)
Scrolls
 c - a scroll of blinking {unknown}
 i - a scroll of amnesia {unknown}
 k - 2 scrolls of teleportation {unknown}
 n - a scroll of immolation {unknown}
 s - 2 scrolls of enchant armour {unknown}
 t - 2 scrolls of vulnerability {unknown}
 u - 2 scrolls of fear {unknown}
 w - 2 scrolls of magic mapping
 y - a scroll of summoning {unknown}
 E - a scroll of silence {unknown}
Potions
 b - a potion of magic
 d - a potion of mutation {unknown}
 g - a potion of ambrosia {unknown}
 j - 3 potions of brilliance {unknown}
 l - 2 potions of attraction {unknown}
 m - 3 potions of cancellation
 r - 3 potions of curing
 x - 2 potions of might {unknown}
 z - a potion of flight {unknown}
 A - a potion of degeneration {unknown}
 B - a potion of heal wounds {unknown}
 C - a potion of resistance {unknown}


   Skills:
 + Level 1.7 Fighting
 + Level 1.1 Axes
 + Level 1.8 Staves
 + Level 2.7 Dodging
 + Level 3.0 Stealth
 + Level 0.2 Unarmed Combat
 + Level 6.8 Spellcasting
 + Level 0.8 Transmutations
 + Level 6.6 Earth Magic


You had one spell level left.
You knew the following spells:

 Your Spells              Type           Power      Damage    Failure   Level
a - Sandblast             Erth           80%        2d17      1%          1
b - Stone Arrow           Conj/Erth      48%        3d10      5%          3
c - Mephitic Cloud        Conj/Pois/Air  8%         N/A       22%         3
d - Passwall              Tmut/Erth      21%        N/A       2%          2
e - Ignite Poison         Fire/Tmut/Pois 9%         N/A       19%         3
f - Dazzling Flash        Conj/Hex       16%        N/A       22%         3
g - Petrify               Tmut/Erth      26%        N/A       16%         4

Your spell library contained the following spells:

 Spells                   Type           Power      Damage    Failure   Level
 Foxfire                  Conj/Fire      32%        2x1d5     8%          1
 Summon Small Mammal      Summ           32%        N/A       8%          1
 Call Canine Familiar     Summ           8%         N/A       22%         3
 Conjure Flame            Conj/Fire      8%         6-21      22%         3
 Inner Flame              Hex/Fire       8%         N/A       22%         3
 Ozocubu's Armour         Ice            8%         N/A       22%         3
 Summon Guardian Golem    Hex/Summ       8%         N/A       22%         3
 Flame Wave               Conj/Fire      8%         2d5       58%         4
 Agony                    Necr           8%         N/A       90%         5
 Freezing Cloud           Conj/Ice/Air   4%         6-21      90%         5
 Silence                  Hex/Air        4%         N/A       90%         5
 Ozocubu's Refrigeration  Ice            4%         4d8       100%        7


Dungeon Overview and Level Annotations

Branches:
Dungeon (6/15)             Temple (1/1) D:4         Ossuary (visited)

Altars:
Ashenzari
Cheibriados
Fedhas
Gozag
Kikubaaqudgha
Nemelex Xobeh
Ru
Sif Muna
Trog
Xom

Shops:
D:1 (   D:4 [


Innate Abilities, Weirdness & Mutations

You have large cloven feet.
You have a somewhat thin skeletal structure. (Dex +2, Stealth+)
A demonic guardian rushes to your aid.


Message History

The blast of sand hits the orc!
You kill the orc!
Cheibriados thoroughly appreciates the change of pace.
Cheibriados raises the support of your attributes as your movement slows.
No target in view!
You can't see any susceptible monsters within range! (Use Z to cast anyway.)
You can't see any susceptible monsters within range! (Use Z to cast anyway.)
You see here a +0 trident.
A white imp comes into view.
The white imp shouts, "Slither away, thou plume-plucked fob-snatching prigger-of-prances!"
A wight comes into view. It is wielding a +4 spear.
There are monsters nearby!
There are monsters nearby!
There are monsters nearby!
There are monsters nearby!
A wight comes into view. It is wielding a +0 battleaxe.
The white imp gestures at you. The puff of frost misses you.
A wight comes into view. It is wielding a +2 spear of freezing.
The white imp gestures at you. The puff of frost hits you.
The white imp gestures at you. The puff of frost misses you.
The wight barely misses you.
The blast of sand hits the wight!
The wight is severely damaged.
The wight hits you but does no damage. The wight hits you with a +4 spear!
You feel drained.
The wight hits you from afar with a +2 spear of freezing!
The wight freezes you. The wight hits you with a +4 spear.
You feel drained.
The wight hits you from afar with a +2 spear of freezing.
The wight freezes you. The wight hits you with a +0 battleaxe!
* * * LOW HITPOINT WARNING * * *
A demonic guardian appears!
You feel drained.
* * * LOW HITPOINT WARNING * * *
Okay, then.
Okay, then.
The wight attacks as you move away! The wight closely misses you.
The wight hits you from afar with a +4 spear!
You die...

*,*...#,,,*,*,*
*,,#..#,*,*,*,*
**,#..#,*,*,*,*
*,,#..#,*,,,#.*
*,*#..#,***##.# ##
*,*#z5#,,,,,..# #.
*,*#zz#,****#.# #####.
#.##4.#,*,,,#.###.....
#.##.@#,*,*,#.........
#.##..#,*,*,#.#.......
#.##..#,,,*,#...#.....
#.###.#####.#..##.....
#.# #.......#.###.....
#.###.#####.#.###.....
#.....#..,*,#.#.......
#.##..#.#,*,#.#.######
#.###.#.#,*,#.#.#


You could see 3 wights, a white imp and a friendly hellwing (summoned).

Vanquished Creatures
  Sigmund (D:3)
  Menkaure (D:4)
  A water moccasin (D:6)
  An ogre (D:3)
  A phantom (D:5)
  3 scorpions
  A bullfrog (D:6)
  3 centaur zombies (Ossuary)
  A gnoll bouda (D:5)
  2 jellies
  An iguana (D:5)
  Ijyb (D:4)
  Natasha (twice) (D:3)
  2 orc wizards
  2 ogre zombies (Ossuary)
  7 mummies (Ossuary)
  7 gnolls (D:5)
  12 adders
  A white imp (D:5)
  An ufetubus (D:5)
  4 adder zombies (Ossuary)
  2 worms
  2 dart slugs (D:4)
  12 orcs
  8 endoplasms
  7 giant cockroaches
  7 goblins
  2 hobgoblins
  4 jackals
  3 quokkas
  7 ball pythons
  6 bats
  2 frilled lizards
  2 gnoll zombies (Ossuary)
  5 goblin zombies (Ossuary)
  3 hobgoblin zombies (Ossuary)
  7 kobolds
  5 kobold zombies (Ossuary)
  An orc zombie (Ossuary)
  2 quokka zombies (Ossuary)
  6 rats
  3 rat zombies (Ossuary)
151 creatures vanquished.

Vanquished Creatures (collateral kills)
  An ogre (D:5)
1 creature vanquished.

Grand Total: 152 creatures vanquished

Notes
Turn   | Place    | Note
-------+----------+-------------------------------------------
     0 | D:1      | DemonSlayer the Demonspawn Earth Elementalist began the
                  | quest for the Orb.
     0 | D:1      | Reached XP level 1. HP: 13/13 MP: 3/3
   189 | D:1      | Found a faded altar of an unknown god.
   288 | D:1      | Gained mutation: A weak demonic guardian rushes to your
                  | aid. [demonic ancestry]
   288 | D:1      | Reached XP level 2. HP: 18/19 MP: 0/5
   615 | D:1      | Found Capipayd's Antique Weapon Emporium.
  1091 | D:1      | Reached XP level 3. HP: 24/24 MP: 4/6
  1894 | D:2      | Gained mutation: You have large cloven feet. [demonic
                  | ancestry]
  1894 | D:2      | Reached XP level 4. HP: 30/30 MP: 6/8
  1928 | D:2      | Found a bloodstained altar of Trog.
  2464 | D:2      | Learned a level 3 spell: Stone Arrow
  2468 | D:2      | Learned a level 3 spell: Mephitic Cloud
  2471 | D:2      | Learned a level 2 spell: Passwall
  2825 | D:3      | Noticed Sigmund
  2839 | D:3      | Killed Sigmund
  2840 | D:3      | Gained mutation: A demonic guardian rushes to your aid.
                  | [demonic ancestry]
  2840 | D:3      | Reached XP level 5. HP: 11/36 MP: 2/11
  3395 | D:3      | Noticed an ogre
  3401 | D:3      | Killed an ogre
  3402 | D:3      | Reached XP level 6. HP: 38/42 MP: 9/12
  3650 | D:3      | Noticed Natasha
  3658 | D:3      | Killed Natasha
  3672 | D:3      | Noticed Natasha
  3679 | D:3      | Killed Natasha
  4460 | D:3      | Learned a level 3 spell: Ignite Poison
  4552 | D:1      | Bought a warped quarterstaff for 180 gold pieces
  4552 | D:1      | Identified the +7 quarterstaff of the Fifty Wishes {flame,
                  | rElec} (You bought it in a shop on level 1 of the Dungeon)
  4631 | D:4      | Noticed Menkaure
  4636 | D:4      | Killed Menkaure
  4637 | D:4      | Reached skill level 1 in Fighting
  4637 | D:4      | Reached skill level 1 in Axes
  4637 | D:4      | Reached skill level 5 in Earth Magic
  4637 | D:4      | Gained mutation: You have a somewhat thin skeletal
                  | structure. (Dex +2, Stealth+) [demonic ancestry]
  4637 | D:4      | Reached XP level 7. HP: 48/48 MP: 9/14
  4792 | D:4      | Reached skill level 5 in Spellcasting
  4897 | D:4      | Found a staircase to the Ecumenical Temple.
  4960 | Temple   | Entered the Ecumenical Temple
  4983 | Temple   | Became a worshipper of Cheibriados the Contemplative
  5143 | D:4      | Noticed Ijyb
  5151 | D:4      | Killed Ijyb
  5737 | D:4      | Found Winkel's Armour Shop.
  5769 | D:4      | Learned a level 3 spell: Dazzling Flash
  5796 | D:5      | Entered Level 5 of the Dungeon
  6126 | D:5      | Identified the +1 scale mail of the Thistle {rElec Int-4
                  | Dex+4}
  6711 | D:5      | Reached XP level 8. HP: 45/54 MP: 10/16
  6771 | D:5      | Reached * piety under Cheibriados
  7506 | D:5      | Learned a level 4 spell: Petrify
  7686 | D:6      | Found a sand-covered staircase.
  7699 | Ossuary  | Entered an ossuary
  7871 | Ossuary  | Reached skill level 1 in Staves
  7932 | Ossuary  | Reached ** piety under Cheibriados
  8595 | D:6      | Mangled by a wight

Illustrated notes

Levels and vault maps discovered:
D:1:      wander_arrival_chamber, layout_loops_ring, serial_shops,
          nicolae_diamond_shop, dreamdust_ecumenical_altar_hidden_monk_grotto
D:2:      layout_basic, basic_altar
D:3:      layout_basic, grunt_ministairs_1, uniq_natasha, uniq_sigmund
D:4:      layout_basic, minmay_temple_entry_hall, serial_shops, shop,
          uniq_menkaure, uniq_ijyb
D:5:      minmay_spotlight, layout_cave_pods, elyvilon_altar_5
D:6:      layout_rooms, serial_shops, nicolae_square_shop,
          chequers_ossuary_entry_cave, roderic_lattice_a
Temple:   nicolae_temple_the_god_donut

Skill      XL: |  1  2  3  4  5  6  7  8 |
---------------+-------------------------+-----
Earth Magic    | 3 4 5 6 |  6.6
Stealth        | 2 3 |  3.0
Spellcasting   | 3 4 5 6 |  6.8
Dodging        | 2 |  2.7
Fighting       | 1 |  1.7
Axes           | 1 |  1.1
Staves         | 1 |  1.8
Unarmed Combat | |  0.2
Transmutations | |  0.8

Action                   |  1- 3 |  4- 6 |  7- 9 || total
-------------------------+-------+-------+-------++-------
Melee: Unarmed           |    50 |       |       ||    50
       War axe           |       |     6 |       ||     6
       Quarterstaff      |       |       |    46 ||    46
 Cast: Sandblast         |    58 |    40 |   136 ||   234
  Use: Scroll            |       |       |     9 ||     9
 Stab: Sleeping          |       |       |     6 ||     6
Armor: Robe              |    16 |     7 |    19 ||    42
Dodge: Dodged            |    58 |    15 |    98 ||   171
